 Dungeon Crawl Stone Soup version 0.19-a0-1568-gdd01aac (webtiles) character file.

631 Amnesiac the Digger (level 7, -3/46 HPs)
             Began as a Mummy Earth Elementalist on Sept 15, 2016.
             Slain by Duvessa
             ... wielding a +0 short sword
              (10 damage)
             ... on level 4 of the Dungeon.
             The game lasted 00:09:22 (3268 turns).

Amnesiac the Digger (Mummy Earth Elementalist)      Turns: 3268, Time: 00:09:23

Health: -3/46      AC:  9    Str: 11    XL:     7   Next: 24%
Magic:  10/10      EV: 12    Int: 16    God:
Gold:   88         SH:  0    Dex: 13    Spells: 3 memorised, 4 levels left

rFire  x . .     SeeInvis .     p - +2 flail (protect)
rCold  + . .     Gourm    .     c - +0 robe
rNeg   + + +     Faith    .     (no shield)
rPois  ∞         Spirit   .     m - +0 helmet
rElec  .         Dismiss  .     l - +0 cloak
rCorr  .         Reflect  .     (no gloves)
MR     .....     Harm     .     (no boots)
Stlth  ++........               (no amulet)
                                (no ring)
                                o - ring of flight

@: no status effects
A: no food or potions, fire vulnerability, cold resistance 1, negative energy
resistance 3, torment resistance, unbreathing
a: Evoke Flight


You were on level 4 of the Dungeon.
You were not hungry.

You visited 1 branch of the dungeon, and saw 4 of its levels.

You collected 88 gold pieces.

Inventory:

Hand Weapons
 b - a +0 dagger of venom
 k - a +0 whip of electrocution
 p - a +2 flail of protection (weapon)
Missiles
 j - 36 stones (quivered)
Armour
 c - a +0 robe (worn)
 l - a +0 cloak (worn)
 m - a +0 helmet (worn)
Jewellery
 o - a ring of flight (left hand)
Scrolls
 a - a scroll of enchant armour {unknown}
 e - a scroll of enchant weapon
 g - 2 scrolls of identify
 h - a scroll of remove curse {unknown}
 i - a scroll of teleportation {unknown}
 n - a scroll of recharging {unknown}
Books
 d - a book of Geomancy

   Spells                             Type                      Level
   a - Sandblast                      Earth                        1
   b - Passwall                       Transmutation/Earth          2
   c - Stone Arrow                    Conjuration/Earth            3
   d - Petrify                        Transmutation/Earth          4
   e - Lee's Rapid Deconstruction     Earth                        5
 f - a book of the Tempests

   Spells                             Type                      Level
   a - Static Discharge               Conjuration/Air              3
   b - Lightning Bolt                 Conjuration/Air              5
   c - Fireball                       Conjuration/Fire             5
   d - Tornado                        Air                          9
   e - Shatter                        Earth                        9


   Skills:
 - Level 1.5 Dodging
 - Level 1.5 Stealth
 - Level 2.0 Spellcasting
 - Level 0.7 Transmutations
 + Level 7.0 Earth Magic


You had 4 spell levels left.
You knew the following spells:

 Your Spells              Type           Power        Failure   Level  Hunger
f - Stone Arrow           Conj/Erth      ##....       14%         3    N/A
v - Passwall              Tmut/Erth      ##........   10%         2    N/A
z - Sandblast             Erth           ###...       1%          1    N/A

Dungeon Overview and Level Annotations

Branches:
Dungeon (4/15)
 Temple: D:4-7

Altars:

Annotations:
D:4 Duvessa


Innate Abilities, Weirdness & Mutations

You do not eat or drink.
Your flesh is vulnerable to fire.
You are immune to poison.
Your flesh is cold resistant. (rC+)
You are immune to negative energy. (rN+++)
You are immune to unholy pain and torment.
You can survive without breathing.


Message History

Duvessa hits you but does no damage. Duvessa hits you with a short sword!
Duvessa hits you with a short sword!
Duvessa rages.
Duvessa closely misses you.
Duvessa rages.
Duvessa misses you. Duvessa hits you with a short sword!
* * * LOW HITPOINT WARNING * * *
Wield which item (- for none, * to show all)? (? for menu, Esc to quit)
Okay, then.
Wield which item (- for none, * to show all)? (? for menu, Esc to quit)
Your +0 dagger of venom stops dripping with poison.
You feel protected!
p - a +2 flail of protection (weapon)
As you read the scroll labeled HENUNW EQEG, it crumbles to dust.
It is a scroll of identify.
e - a scroll of enchant weapon Duvessa hits you with a short sword!
You die...

..#.##..# ###....##.##
.......## #..........#
......................#
.......#####......[)..#
)......# #####.####.# .......#
#.# #.## ........# #.# #..#
...!....# #.# ##.# .........
#@# #.#
.........#######e#####.##
............s........#..######
..####...............)..#.....
#..#........####...............
...%.........................
#.....)...................)..
#........#...................
#........#.........!.........


You could see Duvessa (berserk).

Vanquished Creatures
  Sigmund (D:3)
  An ogre (D:3)
  Dowan (D:4)
  A scorpion (D:3)
  A howler monkey (D:4)
  3 hounds (D:4)
  A worker ant (D:4)
  Robin (D:3)
  4 adders
  A worm (D:4)
  A dart slug (D:4)
  A leopard gecko (D:4)
  5 orcs
  5 bats
  2 giant cockroaches (D:3)
  8 goblins
  7 hobgoblins
  14 jackals
  A quokka (D:2)
  A ball python skeleton (D:4)
  A frilled lizard (D:1)
  3 kobolds
  2 rats (D:3)
66 creatures vanquished.

Notes
Turn   | Place    | Note
-------+----------+-------------------------------------------
     0 | D:1      | Amnesiac the Mummy Earth Elementalist began the quest for the Orb.
     0 | D:1      | Reached XP level 1. HP: 13/13 MP: 3/3
   293 | D:3      | Reached XP level 2. HP: 19/19 MP: 1/5
   368 | D:3      | Reached skill level 3 in Earth Magic
   434 | D:3      | Reached XP level 3. HP: 24/24 MP: 3/6
   468 | D:3      | Learned a level 2 spell: Passwall
   575 | D:3      | Learned a level 3 spell: Stone Arrow
   630 | D:4      | Noticed an ogre
  1545 | D:4      | Noticed Robin
  1547 | D:4      | Reached skill level 4 in Earth Magic
  1570 | D:3      | Killed Robin
  1570 | D:3      | Reached XP level 4. HP: 8/30 MP: 0/7
  1742 | D:3      | Killed an ogre
  1742 | D:3      | Reached XP level 5. HP: 13/35 MP: 3/8
  2019 | D:3      | Reached skill level 5 in Earth Magic
  2072 | D:3      | Noticed Sigmund
  2085 | D:3      | Killed Sigmund
  2085 | D:3      | Reached XP level 6. HP: 28/41 MP: 0/9
  2275 | D:3      | Reached skill level 6 in Earth Magic
  2879 | D:4      | Reached XP level 7. HP: 42/46 MP: 4/10
  2933 | D:4      | Noticed Dowan
  2934 | D:4      | Noticed Duvessa
  2950 | D:4      | Killed Dowan
  3105 | D:4      | Reached skill level 7 in Earth Magic
  3268 | D:4      | Slain by Duvessa

Vault maps used:
D:1:      scummos_arrival_hexagon, minmay_tree_intersection,
          serial_bayou_pond_b, cheibriados_altar_1
D:2:      uniq_crazy_yiuf_cottage, uniq_natasha
D:3:      serial_curves, eino_curves_03, eino_curves_02, first_bread,
          uniq_sigmund
D:4:      uniq_robin, uniq_duvessa

Skill      XL: |  1  2  3  4  5  6  7 |
---------------+----------------------+-----
Earth Magic    | 3 4 5 6 7 |  7.0
Dodging        | |  1.5
Stealth        | |  1.5
Spellcasting   | |  2.0
Transmutations | |  0.7

Action                   |  1- 3 |  4- 6 |  7- 9 || total
-------------------------+-------+-------+-------++-------
Melee: Mace              |    45 |    32 |       ||    77
       Dagger            |       |       |    30 ||    30
 Cast: Sandblast         |    45 |    48 |     4 ||    97
       Stone Arrow       |     3 |     5 |       ||     8
  Use: Scroll            |       |       |     1 ||     1
 Stab: Sleeping          |     1 |       |       ||     1
Armor: Robe              |    55 |    16 |     6 ||    77
Dodge: Dodged            |   121 |    34 |    25 ||   180
